 Dungeon Crawl Stone Soup version 0.31.0-11-ge490571c62 (webtiles) character file.

Game seed: 5291699083867389718

3 SnakkuSnakku7 the Caller (level 1, 0/15 HPs)
             Began as a Ghoul Summoner on Jan 26, 2024.
             Slain by a kobold
             ... wielding a +0 short sword
              (4 damage)
             ... on level 1 of the Dungeon.
             The game lasted 00:00:11 (118 turns).

SnakkuSnakku7 the Caller (Ghoul Summoner)            Turns: 118, Time: 00:00:11

Health: 0/15       AC:  2    Str: 11    XL:     1   Next: 50%
Magic:  3/3        EV: 12    Int: 14    God:
Gold:   14         SH:  0    Dex:  9    Spells: 2/3 levels left

rFire   . . .        (no weapon)
rCold   + . .        (no shield)
rNeg    + + +        a - +0 robe
rPois   ∞            (no helmet)
rElec   .            (no cloak)
rCorr   .            (no gloves)
SInv    .            (no boots)
Will    .....        (no amulet)
Stlth   ++           (no ring)
HPRegen 0.00/turn    (no ring)
MPRegen 0.08/turn

%: no passive effects
@: inhibited regen
A: claws 1, cold resistance 1, negative energy resistance 3, inhibited
regeneration, torment resistance 2, devour on kill
a: no special abilities


You were on level 1 of the Dungeon.
You visited 1 branch of the dungeon, and saw 1 of its levels.

You collected 14 gold pieces.

Inventory:

Armour
 a - a +0 robe (worn)
Scrolls
 c - a scroll of identify {unknown}
Potions
 b - a potion of magic


   Skills:
 + Level 0.5 Fighting
 - Level 1.7 Dodging
 - Level 2.1 Stealth
 + Level 0.5 Unarmed Combat
 - Level 1.7 Spellcasting
 - Level 3.6 Summonings


You had 2 spell levels left.
You knew the following spells:

 Your Spells              Type           Power      Damage    Failure   Level
a - Summon Small Mammal   Summ           44%        N/A       5%          1

Your spell library contained the following spells:

 Spells                   Type           Power      Damage    Failure   Level
 Call Imp                 Summ           22%        N/A       9%          2
 Call Canine Familiar     Summ           11%        N/A       17%         3
 Summon Blazeheart Golem  Fire/Summ      6%         N/A       75%         4
 Summon Lightning Spire   Summ/Air       6%         N/A       75%         4


Dungeon Overview and Level Annotations

Branches:
Dungeon (1/15)

Altars:


Innate Abilities, Weirdness & Mutations

You are immune to poison.
You have sharp fingernails.
Your flesh is cold resistant. (rC+)
You are immune to negative energy. (rN+++)
You do not regenerate when monsters are visible.
You are immune to unholy pain and torment.
You thrive by killing the living.


Message History

The dart slug is heavily wounded.
The dart slug barely misses you.
You scratch the dart slug.
The dart slug is heavily wounded.
You completely miss the dart slug.
The dart slug is heavily wounded.
The dart slug bites you.
You scratch the dart slug.
You kill the dart slug!
A frilled lizard comes into view.
A frilled lizard is nearby!
A frilled lizard is nearby!
Found a robe and 2 metallic red potions.
A kobold comes into view. It is wielding a +0 short sword.
Found a scroll labelled ROJAF IRUCK and a short sword.
The kobold shouts!
You hear an angry hiss.
A ball python comes into view.
A ball python comes into view.
The kobold closely misses you.
The frilled lizard hisses angrily.
You scratch the kobold but do no damage.
You hear a loud squeak.
The kobold misses you.
You scratch the kobold but do no damage.
The kobold hits you with a +0 short sword.
You scratch the ball python.
You kill the ball python!
You feel better. The kobold barely misses you.
You closely miss the kobold.
The kobold hits you with a +0 short sword.
The frilled lizard barely misses you. The kobold closely misses you.
The kobold attacks as it pursues you! The kobold hits you but does no damage.
The ball python barely misses you. The ball python misses you.
The kobold hits you with a +0 short sword.
* * * LOW HITPOINT WARNING * * *
You scratch the ball python.
The ball python is severely wounded.
The kobold hits you with a +0 short sword.
You die...

##### #...# ##### #...#
####....# #...# ##.@S.#
###...########lK##.##..
#.'.............##!)...
..#...##..........[?##
###...##.#######†##.#
###.....# .# .. #.###.#
.. ... ## #.....#
...... .# ####### ....


You could see a ball python, a kobold and a frilled lizard.

Vanquished Creatures
  A dart slug (D:1)
  A ball python (D:1)
2 creatures vanquished.

Notes
Turn   | Place    | Note
-------+----------+-------------------------------------------
     0 | D:1      | SnakkuSnakku7 the Ghoul Summoner began the quest for the
                  | Orb.
     0 | D:1      | Reached XP level 1. HP: 14/14 MP: 3/3
   118 | D:1      | Slain by a kobold

Illustrated notes

Levels and vault maps discovered:
D:1:      onia_arrival_pyramid, layout_basic, minmay_tetromino_o4

Action                     || total
---------------------------++-------
  Melee: Unarmed           ||    13
 Armour: Robe              ||     9
  Dodge: Dodged            ||     8
